Map: Traitor's Exile

Players

Rymdkrigaren - Winner!

  • Race: Zerg Zerg
  • League: Master
  • Spawn Location: 6:00

DrStainy - Winner!

  • Race: Zerg Zerg
  • Spawn Location: 5:00

mpFastman

  • Race: Zerg Zerg
  • League: Platinum
  • Spawn Location: 12:00

mpMowMiCzule

  • Race: Protoss Protoss
  • League: Diamond
  • Spawn Location: 9:00

VOD

Have the link to the VOD?

Description

swam host rush

Time

  • Played on: May 2, 2018, 7:05 p.m.
  • Length: 9:11
Show
View Real Time Build Order
Export as new Build Order

Rymdkrigaren Zerg - Winner!

Build Orders: Hatch First, Swarm Host 

Get SALT Encoding   

  12  0:00  Drone  
  13  0:08  Drone  
  14  0:16  Drone, Extractor  
  14  0:20  Extractor  
  13  0:22  Drone  
  16  0:28  Overlord  
  16  0:48  Drone  
  17  0:54  Hatchery  
  17  0:56  Drone  
  17  1:01  Drone  
  18  1:05  Drone  
  19  1:11  Extractor  
  19  1:14  Extractor  
  17  1:21  Spawning Pool  
  17  1:24  Drone  
  17  1:27  Drone  
  18  1:44  Drone  
  19  1:54  Drone  
  20  1:59  Drone  
  21  2:08  Queen  
  23  2:11  Spine Crawler  
  23  2:12  Lair  
  23  2:15  Drone  
  23  2:20  Drone  
  24  2:28  Drone  
  25  2:35  Drone  
  26  2:38  Drone x2  
  28  2:46  Overlord  
  28  2:48  Overlord  
  28  3:05  Drone x2  
  30  3:06  Drone x2  
  32  3:14  Drone, Extractor  
  32  3:25  Drone x4, Infestation Pit  
  35  3:28  Drone  
  35  3:30  Overlord  
  36  3:36  Drone  
  37  3:57  Overlord  
  37  4:02  Swarm Host x5  
  40  4:08  Overlord  
  52  4:15  Extractor  
  51  4:29  Swarm Host x5  
  66  4:37  Spore Crawler  
  65  4:40  Spore Crawler  
  59  4:58  Swarm Host x4  
  59  5:54  Drone x2  
  59  5:55  Drone x2  
  59  5:56  Overlord x6  
  60  6:04  Spore Crawler, Pathogen Glands  
  60  6:05  Drone  
  60  6:15  Queen  
  60  6:16  Spore Crawler  
  61  6:36  Drone x3  
  61  6:37  Drone, Spore Crawler  
  61  6:38  Drone  
  61  6:39  Drone  
  66  6:42  Drone  
  67  6:54  Drone x2  
  69  7:08  Infestor x3  
  71  7:11  Infestor  
  77  7:17  Infestor  
  77  7:19  Infestor  
  81  7:30  Infestor x2  
  81  7:32  Infestor  
  87  7:42  Infestor  
  89  8:04  Infestor  
  91  8:07  Drone x2  
  91  8:08  Drone x6  
  99  9:08  Hatchery  
  98  9:11  Evolution Chamber x2  
Show
View Real Time Build Order
Export as new Build Order

DrStainy Zerg - Winner!

Build Orders: Hatch First 

Get SALT Encoding   

  12  0:01  Drone  
  13  0:15  Overlord  
  13  0:18  Drone  
  14  0:33  Drone  
  14  0:34  Drone  
  16  0:37  Drone  
  17  0:56  Drone, Hatchery  
  17  0:59  Extractor  
  17  1:01  Drone  
  17  1:16  Spawning Pool  
  16  1:18  Drone  
  16  1:23  Drone  
  19  1:32  Drone  
  19  1:45  Drone  
  20  1:57  Drone  
  21  2:04  Zergling x2  
  21  2:05  Metabolic Boost  
  21  2:07  Queen  
  24  2:16  Drone  
  24  2:18  Roach Warren  
  24  2:21  Drone  
  25  2:23  Queen  
  27  2:33  Drone  
  28  2:43  Overlord  
  27  2:54  Overlord  
  27  3:05  Roach x4  
  35  3:06  Overlord  
  35  3:08  Drone  
  36  3:19  Drone  
  37  3:21  Queen  
  37  3:22  Overlord  
  37  3:25  Zergling x4  
  37  3:26  Zergling x2  
  42  3:41  Drone  
  42  3:42  Drone  
  42  3:43  Drone x2  
  46  3:54  Drone x2  
  46  3:55  Drone x2  
  50  3:59  Drone x2  
  51  4:05  Roach x2  
  53  4:19  Drone x2  
  53  4:21  Spore Crawler  
  50  4:26  Hatchery  
  45  4:32  Drone x2  
  45  4:34  Spore Crawler  
  46  4:38  Overlord  
  46  4:41  Drone x3, Queen  
  51  4:51  Roach x3  
  51  4:52  Zergling x2  
  58  5:11  Overlord  
  58  5:12  Zergling x8  
  58  5:13  Zergling x4  
  64  5:21  Zergling x4  
  66  5:24  Queen  
  66  5:26  Lair  
  68  5:30  Drone  
  68  5:31  Drone  
  69  5:41  Zergling x2  
  69  5:42  Zergling x12  
  67  5:52  Zergling x6  
  67  5:53  Queen  
  71  6:02  Spore Crawler  
  69  6:05  Drone x2  
  69  6:09  Extractor  
  69  6:10  Evolution Chamber  
  69  6:11  Drone x2  
  69  6:19  Drone  
  69  6:20  Overlord  
  69  6:21  Drone x3  
  69  6:22  Drone  
  74  6:32  Overlord  
  74  6:33  Hydralisk Den  
  74  6:36  Zerg Missile Weapons Level 1  
  74  6:38  Evolution Chamber, Extractor x2  
  74  6:39  Drone x4  
  74  6:43  Drone x3  
  74  6:44  Overlord x2  
  77  6:48  Spore Crawler  
  76  7:05  Hydralisk  
  76  7:06  Hydralisk x2  
  76  7:08  Grooved Spines  
  82  7:18  Drone x5  
  87  7:23  Zergling x18  
  95  7:31  Queen x2  
  95  7:32  Hydralisk x4  
  95  7:35  Queen  
  106  7:46  Zergling x2, Hydralisk x4  
  108  8:00  Hydralisk x2  
  108  8:01  Overlord x2  
  108  8:02  Drone  
  113  8:20  Hatchery  
  113  8:21  Drone  
  113  8:22  Drone, Overlord  
  113  8:26  Drone x2  
  109  8:36  Hydralisk x5  
  109  8:39  Zergling x2  
  109  8:40  Zergling x2  
  119  8:45  Drone x2, Extractor  
  119  8:46  Drone x2  
  120  8:52  Zergling x6  
  120  8:53  Zergling x2  
Show
View Real Time Build Order
Export as new Build Order

mpFastman Zerg 

Build Orders: Pool First 

Get SALT Encoding   

  12  0:01  Drone  
  13  0:18  Overlord  
  13  0:21  Drone  
  14  0:37  Drone x2  
  16  0:43  Drone  
  17  0:56  Drone  
  18  0:58  Spawning Pool  
  18  1:03  Drone  
  18  1:21  Hatchery  
  17  1:29  Drone  
  17  1:31  Drone, Extractor  
  18  1:35  Drone  
  19  1:45  Queen  
  22  1:47  Zergling x2  
  22  1:57  Overlord  
  22  2:17  Drone  
  22  2:18  Drone  
  24  2:24  Queen  
  24  2:29  Zergling x2  
  27  2:36  Metabolic Boost  
  26  2:45  Zergling x4  
  26  2:46  Zergling x2  
  29  3:07  Drone  
  29  3:08  Drone x2, Overlord  
  29  3:09  Overlord  
  32  3:13  Zergling x2  
  33  3:20  Drone, Baneling Nest  
  33  3:23  Drone  
  34  3:33  Zergling x10  
  39  3:41  Drone, Roach Warren  
  37  3:42  Drone x3  
  37  3:45  Overlord  
  38  3:58  Zergling x4  
  40  4:04  Spine Crawler  
  40  4:05  Zergling x4  
  40  4:12  Zergling x2  
  40  4:16  Zergling x12  
  43  4:22  Zergling x2  
  42  4:24  Queen  
  42  4:25  Drone  
  42  4:30  Zergling x2  
  47  4:38  Drone  
  40  5:02  Roach x9  
  40  5:07  Extractor  
  57  5:13  Zergling x4  
  59  5:23  Zergling x4  
  58  5:35  Roach x2  
  60  5:38  Overlord x3  
  57  5:46  Zergling x6  
  43  6:02  Zergling x6  
  43  6:03  Zergling x8  
  50  6:09  Lair  
  50  6:12  Drone x4  
  50  6:13  Drone  
  53  6:27  Drone, Spine Crawler  
  53  6:36  Hatchery  
  52  6:48  Extractor  
  52  6:50  Drone x5  
  52  6:51  Extractor  
  55  7:08  Queen  
  57  7:20  Glial Reconstitution  
  57  7:23  Drone x2  
  57  7:25  Drone x5  
  64  7:41  Zergling x10  
  58  7:52  Roach x3  
  58  7:55  Queen  
  64  8:03  Drone x2, Hydralisk Den  
  64  8:05  Drone  
  64  8:23  Zergling x12  
  67  8:40  Zergling x2  
  67  8:41  Zergling x12  
  66  8:50  Drone  
  66  8:53  Extractor  
  61  8:56  Extractor  
Show
View Real Time Build Order
Export as new Build Order

mpMowMiCzule Protoss 

Build Orders: Phoenix Opening 

Get SALT Encoding   

  12  0:01  Probe  
  13  0:13  Probe  
  14  0:25  Pylon  
  14  0:27  Probe  
  15  0:43  Probe  
  15  0:46  Gateway  
  16  0:55  Assimilator, Probe  
  17  1:06  Assimilator  
  17  1:07  Probe  
  18  1:19  Probe  
  19  1:31  Probe  
  20  1:36  Cybernetics Core  
  20  1:40  Probe  
  20  1:41  Zealot  
  23  1:59  Pylon  
  23  2:13  Warp Gate  
  23  2:17  Probe  
  23  2:18  Stargate  
  24  2:23  Stalker  
  24  2:29  Probe  
  27  2:42  Probe  
  28  2:49  Pylon  
  28  2:54  Phoenix  
  30  3:13  Phoenix  
  32  3:26  Nexus  
  32  3:32  Phoenix  
  32  3:37  Pylon  
  34  3:57  Phoenix  
  36  4:07  Gateway, Probe  
  37  4:19  Phoenix  
  39  4:30  Probe  
  40  4:36  Phoenix  
  42  5:06  Void Ray  
  46  5:37  Probe x2  
  46  5:38  Void Ray  
  48  6:02  Probe  
  49  6:06  Assimilator  
  49  6:07  Probe  
  50  6:11  Assimilator, Void Ray  
  50  6:13  Pylon  
  50  6:14  Gateway, Probe  
  50  6:17  Pylon  
  50  6:18  Gateway  
  51  6:21  Pylon  
  51  6:25  Probe  
  55  6:26  Probe  
  57  6:33  Probe  
  57  6:34  Probe  
  59  6:41  Probe  
  59  6:44  Stargate  
  59  6:45  Void Ray  
  60  6:56  Probe  
  65  7:11  Probe x2  
  67  7:23  Probe  
  68  7:42  Probe  
  68  7:43  Probe  
  70  7:54  Probe  
  70  7:55  Probe  
  70  7:56  Void Ray  
  68  8:11  Probe  
  73  8:14  Probe  
  73  8:15  Twilight Council  
  74  8:27  Void Ray  
  63  9:01  Zealot x4  
Tags
 
Add a new tag
Caveats
  • Supply blocks, unpowered buildings, or Contaminate may cause inaccurate times.
  • Supply counts are checked every 10 seconds.